 Dungeon Crawl Stone Soup version 0.22-a0-608-g8a62e23 (webtiles) character file.

207 sking99 the Insei (level 5, -10/45 HPs)
             Began as a Draconian Transmuter on July 9, 2018.
             Was a Follower of Ru.
             Killed by divine providence
             ... invoked by an orc priest
              (11 damage)
             ... on level 4 of the Dungeon.
             The game lasted 00:06:36 (4063 turns).

sking99 the Insei (Draconian Transmuter)            Turns: 4063, Time: 00:06:37

Health: -10/45     AC:  5    Str: 12    XL:     5   Next: 54%
Magic:  8/8        EV: 12    Int: 14    God:    Ru [*.....]
Gold:   95         SH:  0    Dex: 12    Spells: 5/8 levels left

rFire    . . .     SeeInvis .     - Unarmed
rCold    . . .     Gourm    .   (no shield)
rNeg     . . .     Faith    .   (armour unavailable)
rPois    .         Spirit   .   (helmet restricted)
rElec    .         Reflect  .   (no cloak)
rCorr    .         Harm     .   (no gloves)
MR       .....                  (no boots)
Stlth    +.........             (no amulet)
HPRegen  0.15/turn              (no ring)
MPRegen  0.11/turn              (no ring)

@: no status effects
A: unfitting armour, cold-blooded, no necromancy magic, no poison magic, no
translocations magic, AC +5
a: Renounce Religion


You were on level 4 of the Dungeon.
You worshipped Ru.
Ru was aware of your devotion.
You were very hungry.

You visited 1 branch of the dungeon, and saw 4 of its levels.

You collected 95 gold pieces.

Inventory:

Missiles
 a - 26 arrows
Scrolls
 e - a scroll of remove curse
 h - a scroll of identify
 i - 3 scrolls of amnesia
 j - a scroll of enchant weapon
 k - a scroll of immolation
Potions
 b - a potion of curing
 d - a potion of magic
 f - a potion of might
 g - 2 potions of heal wounds
Comestibles
 c - 6 rations


   Skills:
 + Level 3.0 Fighting
 - Level 1.7 Dodging
 * Level 4.9 Unarmed Combat
 - Level 2.0 Spellcasting
 + Level 3.3 Transmutations


You had 5 spell levels left.
You knew the following spells:

 Your Spells              Type           Power        Failure   Level  Hunger
a - Beastly Appendage     Tmut           ##....       6%          1    ##.....
b - Sticks to Snakes      Tmut           ##......     9%          2    ###....

Your spell library contained the following spells:

 Spells                   Type           Power        Failure   Level  Hunger
 Spider Form              Tmut/Pois      #.........   34%         3    ####...
 Blade Hands              Tmut           ##........   86%         5    ######.
 Ice Form                 Ice/Tmut       #.......     75%         4    #####..


Dungeon Overview and Level Annotations

Branches:
Dungeon (4/15)
 Temple: D:4-7

Altars:
Gozag
Ru
Sif Muna


Innate Abilities, Weirdness & Mutations

Your plain brown scales are hard. (AC +5)
You cannot fit into any form of body armour.
You are cold-blooded and may be slowed by cold attacks.
You cannot study or cast Necromancy magic.
You cannot study or cast Poison magic.
You cannot study or cast Translocations magic.


Message History

The dart slug bites you but does no damage.
You hit the orc priest but do no damage.
The orc priest is heavily wounded.
The orc priest hits you with a dagger.
* * * LOW HITPOINT WARNING * * *
You hit the orc priest but do no damage.
The orc priest is heavily wounded.
The orc priest is stunned by your will and fails to attack.
The dart slug bites you but does no damage.
You hit the orc priest.
The orc priest is severely wounded.
The orc priest mumbles some strange prayers to Beogh against you.
Pain shoots through your body!
* * * LOW HITPOINT WARNING * * *
You closely miss the orc priest.
The orc priest is severely wounded.
The dart slug closely misses you.
The orc priest mumbles some strange prayers to Beogh against you.
Beogh smites you!
You die...

### #.# # # #<#
#
#..%#.#(##.#####
........@w......
.........o......
................
................
................
................
................
................


You could see an orc priest and a dart slug.

Vanquished Creatures
  An orc wizard (D:3)
  Jessica (D:2)
  Robin (D:2)
  A gnoll (D:1)
  5 adders
  An ooze (D:3)
  A dart slug (D:1)
  6 leopard geckos
  4 orcs (D:3)
  6 giant cockroaches
  13 goblins
  7 hobgoblins
  3 jackals (D:3)
  A quokka (D:3)
  A ball python (D:3)
  2 bats (D:1)
  4 frilled lizards
  9 kobolds
  8 rats
75 creatures vanquished.

Notes
Turn   | Place    | Note
-------+----------+-------------------------------------------
     0 | D:1      | sking99 the Draconian Transmuter began the quest for the Orb.
     0 | D:1      | Reached XP level 1. HP: 16/16 MP: 3/3
   321 | D:1      | Reached XP level 2. HP: 11/23 MP: 5/5
  1104 | D:2      | Reached XP level 3. HP: 22/29 MP: 6/6
  1190 | D:2      | Noticed Robin
  1531 | D:2      | Killed Robin
  1531 | D:2      | Reached skill level 4 in Unarmed Combat
  1559 | D:2      | Reached XP level 4. HP: 33/36 MP: 7/7
  1563 | D:2      | Learned a level 2 spell: Sticks to Snakes
  1573 | D:2      | Found a sacrificial altar of Ru.
  1588 | D:2      | Became a worshipper of Ru the Awakened
  1609 | D:2      | Noticed Jessica
  1621 | D:2      | Killed Jessica
  2023 | D:2      | Found a deep blue altar of Sif Muna.
  2653 | D:3      | Reached XP level 5. HP: 40/42 MP: 8/8
  2664 | D:3      | Found an opulent altar of Gozag.
  3214 | D:3      | Gained mutation: You cannot study or cast Poison magic. [Ru sacrifice]
  3214 | D:3      | Gained mutation: You cannot study or cast Necromancy magic. [Ru sacrifice]
  3214 | D:3      | Gained mutation: You cannot study or cast Translocations magic. [Ru sacrifice]
  3214 | D:3      | Reached * piety under Ru
  3383 | D:3      | Found a faded altar of an unknown god.
  4062 | D:4      | HP: 1/45 [orc priest/nerve-wracking pain (11)]
  4063 | D:4      | Killed from afar by an orc priest

Vault maps used:
D:1:      dpeg_arrival_simpleton_c, dk_noncrumbling_4
D:2:      nicolae_overflow_hidden_temple, nicolae_ru_sacrificial_ziggurat,
          uniq_jessica, uniq_robin
D:3:      grunt_gozag_statues, chequers_ecumenical_altar_twisty
D:4:      old_standard_altar, minmay_temple_entry_mist, uniq_pikel

Skill      XL: |  1  2  3  4  5 |
---------------+----------------+-----
Fighting       | 2 3 |  3.0
Unarmed Combat | 4 |  4.9
Transmutations | 3 |  3.3
Dodging        | |  1.7
Spellcasting   | |  2.0

Action                   |  1- 3 |  4- 6 || total
-------------------------+-------+-------++-------
Melee: Unarmed           |   139 |   175 ||   314
       Tailslap          |    14 |    14 ||    28
       Punch             |     3 |     1 ||     4
       Headbutt          |     1 |       ||     1
 Cast: Beastly Appendage |     1 |       ||     1
Invok: Sacrifice Arcana  |       |     1 ||     1
  Use: Potion            |     2 |       ||     2
       Scroll            |     1 |     9 ||    10
 Stab: Sleeping          |       |     2 ||     2
  Eat: Chunk             |     2 |     7 ||     9
Armor: Skin              |    36 |    36 ||    72
Dodge: Dodged            |    89 |    94 ||   183

Table legend:
 A = Spawn XP
 B = Non-spawn XP
 C = Spawn XP percentage of total XP
 D = Spawn monster count
 E = Non-spawn monster count
 F = Spawn count percentage of total count
 G = Total turns spent on level
                    A         B        C        D         E        F      G
               +---------+---------+-------+---------+---------+-------+---------
         Total |       0 |     296 |   0.0 |       0 |      75 |   0.0 |  4063
               +---------+---------+-------+---------+---------+-------+---------
           D:1 |       0 |      42 |   0.0 |       0 |      17 |   0.0 |  1380
           D:2 |       0 |     144 |   0.0 |       0 |      35 |   0.0 |  1265
           D:3 |       0 |     110 |   0.0 |       0 |      23 |   0.0 |  1358
               +---------+---------+-------+---------+---------+-------+---------
